 Dungeon Crawl Stone Soup version 0.30.1-11-g7821555f0a (webtiles) character file.

Game seed: 297856270222649152

401 PaiMei the Grave Robber (level 6, 0/41 HPs)
             Began as a Demonspawn Necromancer on Jan 6, 2024.
             Slain by an orc
             ... wielding a +0 dagger
              (2 damage)
             ... on level 5 of the Dungeon.
             The game lasted 00:06:58 (4046 turns).

PaiMei the Grave Robber (Demonspawn Necromancer)    Turns: 4046, Time: 00:06:59

Health: 0/41       AC:  4    Str:  8    XL:     6   Next: 54%
Magic:  3/11       EV: 18    Int: 18    God:
Gold:   245        SH:  0    Dex: 14    Spells: 8/12 levels left

rFire   . . .        r - +3 flail
rCold   . . .        (no shield)
rNeg    . . .        a - +0 robe
rPois   .            (no helmet)
rElec   .            o - +0 cloak
rCorr   .            (no gloves)
SInv    .            h - +0 pair of boots
Will    +....        (no amulet)
Stlth   ++           c - ring of willpower
HPRegen 0.26/turn    (no ring)
MPRegen 0.12/turn

%: no passive effects
@: agile
A: claws 1, powered by pain 1, demonic magic 1
a: no special abilities


You were on level 5 of the Dungeon.
You visited 2 branches of the dungeon, and saw 6 of its levels.

You collected 245 gold pieces.

Inventory:

Hand Weapons
 r - a +3 flail (weapon)
Missiles
 j - 3 poisoned darts
Armour
 a - a +0 robe (worn)
 e - a +0 kite shield
 h - a +0 pair of boots (worn)
 o - a +0 cloak (worn)
Magical Staves
 d - a staff of death
Jewellery
 c - a ring of willpower (left claw)
Scrolls
 f - a scroll of fear {unknown}
 g - 2 scrolls of identify {unknown}
 i - a scroll of enchant armour {unknown}
 l - a scroll of fog {unknown}
 n - a scroll of enchant weapon {unknown}
 s - a scroll of vulnerability {unknown}
 u - 4 scrolls of teleportation {unknown}
Potions
 b - 2 potions of magic
 k - 4 potions of curing {unknown}
 m - a potion of heal wounds {unknown}
 p - a potion of lignification {unknown}
 q - a potion of flight {unknown}
 t - a potion of berserk rage {unknown}


   Skills:
 + Level 3.4 Dodging
 + Level 3.7 Stealth
 + Level 3.6 Spellcasting
 + Level 5.7 Necromancy


You had 8 spell levels left.
You knew the following spells:

 Your Spells              Type           Power      Damage    Failure   Level
a - Necrotise             Necr           96%        1d8       1%          1
b - Vampiric Draining     Necr           24%        2d7       4%          3

Your spell library contained the following spells:

 Spells                   Type           Power      Damage    Failure   Level
 Cigotuvi's Dreadful Rot  Necr/Pois/Air  20%        N/A       11%         2
 Animate Dead             Necr           24%        N/A       14%         4
 Lesser Beckoning         Tloc           6%         N/A       24%         2
 Agony                    Necr           24%        N/A       36%         5
 Gell's Gravitas          Tloc           3%         N/A       43%         3
 Ignite Poison            Fire/Tmut/Pois 3%         N/A       43%         3
 Teleport Other           Tloc           3%         N/A       43%         3
 Freezing Cloud           Conj/Ice/Air   1%         6-21      99%         5


Dungeon Overview and Level Annotations

Branches:
Dungeon (5/15)             Temple (1/1) D:5

Altars:
Ashenzari
Fedhas
Hepliaklqana
Nemelex Xobeh
Qazlal
Ru
Vehumet

Shops:
D:2 *


Innate Abilities, Weirdness & Mutations

You have sharp fingernails.
You sometimes gain a little power by taking damage.
Spells you cast may paralyse adjacent enemies.


Message History

Your orc skeleton closely misses the orc.
Casting: Vampiric Draining (dangerous; 4% risk of failure)
Confirm with . or Enter, or press ? or * to list all spells.
Aiming: Vampiric Draining (dangerous; 4% risk of failure)
Press: ? - help, Shift-Dir - straight line, f - centaur
Aim: a centaur (paralysed)
You draw life force from the centaur!
You feel life coursing into your body. Malevolent energies surge around you.
The orc suddenly stops moving!
Casting: Vampiric Draining (dangerous; 4% risk of failure)
Confirm with . or Enter, or press ? or * to list all spells.
Aiming: Vampiric Draining (dangerous; 4% risk of failure)
Press: ? - help, Shift-Dir - straight line, f/p - centaur
Aim: a centaur (heavily wounded, paralysed)
You draw life force from the centaur.
You feel life coursing into your body. Malevolent energies surge around you.
The orc wizard suddenly stops moving!
The orc is no longer paralysed.
The orc hits you but does no damage.
Your orc skeleton misses the orc.
Casting: Vampiric Draining (dangerous; 4% risk of failure)
Confirm with . or Enter, or press ? or * to list all spells.
You don't have enough magic to cast this spell.
The helpless orc wizard fails to defend itself.
You hit the orc wizard.
The orc wizard is moderately wounded.
The orc wizard is no longer paralysed.
The orc wizard closely misses you. The orc misses you.
Your orc skeleton closely misses the orc.
The orc wizard misses you. The orc barely misses you.
The helpless centaur fails to defend itself.
You hit the centaur.
The centaur is almost dead.
The centaur is no longer paralysed.
The centaur hits you.
* * * LOW HITPOINT WARNING * * *
The centaur kicks you but does no damage.
The centaur hits you.
* * * LOW HITPOINT WARNING * * *
The centaur kicks you.
* * * LOW HITPOINT WARNING * * *
Your orc skeleton hits the orc but does no damage.
The orc wizard closely misses you. The orc hits you with a +0 dagger.
You die...

##...........##
##.....W......#
##..############
##Z.## #..## #.)# ###
#..## ###..####
#...##########?.......
##...........)@..!....
##..........ooc..!###
##########Z)..$..#
###.......# #........
#o....... !.....###
.....##


You could see a centaur, an orc wizard, 2 orcs and a friendly orc skeleton.

Vanquished Creatures
  A phantom (D:5)
  An orc priest (D:5)
  2 hounds (D:4)
  A jelly (D:4)
  An iguana (D:4)
  5 adders
  4 gnolls (D:3)
  An ufetubus (D:4)
  2 worms
  2 dart slugs
  6 orcs
  8 ball pythons
  2 bats
  5 endoplasms
  A giant cockroach (D:3)
  7 hobgoblins
  10 jackals
  5 quokkas
  3 frilled lizards
  5 goblins
  6 kobolds
  2 rats
80 creatures vanquished.

Vanquished Creatures (collateral kills)
  A goblin (D:3)
1 creature vanquished.

Grand Total: 81 creatures vanquished

Notes
Turn   | Place    | Note
-------+----------+-------------------------------------------
     0 | D:1      | PaiMei the Demonspawn Necromancer began the quest for the
                  | Orb.
     0 | D:1      | Reached XP level 1. HP: 13/13 MP: 3/3
   210 | D:1      | Gained mutation: Spells you cast may paralyse adjacent
                  | enemies. [demonic ancestry]
   210 | D:1      | Reached XP level 2. HP: 6/19 MP: 0/5
  1096 | D:2      | Found a faded altar of an unknown god.
  1181 | D:2      | Gained mutation: You have sharp fingernails. [demonic
                  | ancestry]
  1181 | D:2      | Reached XP level 3. HP: 24/24 MP: 3/6
  1185 | D:2      | Learned a level 3 spell: Vampiric Draining
  1230 | D:2      | Found Abbueva's General Store.
  2182 | D:3      | Gained mutation: You sometimes gain a little power by
                  | taking damage. [demonic ancestry]
  2182 | D:3      | Reached XP level 4. HP: 27/30 MP: 0/7
  2339 | D:3      | Reached skill level 5 in Necromancy
  3068 | D:4      | Reached XP level 5. HP: 35/35 MP: 6/9
  3433 | D:4      | Reached XP level 6. HP: 41/41 MP: 7/11
  3746 | D:5      | Entered Level 5 of the Dungeon
  3792 | D:5      | Found a staircase to the Ecumenical Temple.
  3806 | Temple   | Entered the Ecumenical Temple
  4046 | D:5      | HP: 2/41 [centaur (2)]
  4046 | D:5      | Slain by an orc

Illustrated notes

Levels and vault maps discovered:
D:1:      dpeg_arrival_erosion, layout_basic
D:2:      layout_loops_ring, serial_shops, nicolae_shop_statue_plus,
          ebering_ecumenical_altar_box
D:3:      layout_loops_ring, corexii_item_surrounded_by_moat
D:4:      cheibrodos_helix_gallery, layout_basic
D:5:      layout_layer_cave, pdpol_wu_jian_five_deadly_venoms,
          minmay_temple_entry_proselytizer
Temple:   kb_temple_of_zot

Skill      XL: |  1  2  3  4  5 |
---------------+----------------+-----
Stealth        | 2 3 |  3.7
Dodging        | 2 3 |  3.4
Necromancy     | 5 |  5.7
Spellcasting   | 3 |  3.6

Action                     |  1- 3 |  4- 6 || total
---------------------------+-------+-------++-------
  Melee: Staff             |     7 |    20 ||    27
         Unarmed           |     1 |       ||     1
         Punch             |       |     1 ||     1
         Flail             |       |    11 ||    11
   Cast: Necrotise         |    74 |    71 ||   145
         Vampiric Draining |       |     3 ||     3
   Stab: Paralysed         |     1 |     2 ||     3
 Armour: Robe              |     3 |    23 ||    26
  Dodge: Dodged            |    17 |    68 ||    85
